 Dungeon Crawl Stone Soup version 0.26.1-11-gd32895ea62 (webtiles) character file.

Game seed: 16464900733774749798

1176 Almogavar the Magician (level 8, -8/60 HPs)
             Began as a Gnoll Wanderer on May 26, 2021.
             Was an Initiate of Nemelex Xobeh.
             Mangled by an orc warrior
             ... wielding a +1 halberd of protection
              (19 damage)
             ... on level 5 of the Dungeon.
             The game lasted 00:19:04 (8346 turns).

Almogavar the Magician (Gnoll Wanderer)             Turns: 8346, Time: 00:19:05

Health: -8/60      AC:  4    Str: 15    XL:     8   Next: 41%
Magic:  26/26      EV: 14    Int: 16    God:    Nemelex Xobeh [......]
Gold:   253        SH:  5    Dex: 15    Spells: 19/19 levels left

rFire    . . .     SeeInvis .   a - +3 falchion
rCold    . . .     Faith    .   (no shield)
rNeg     + . .     Spirit   .   A - +0 robe {Will+}
rPois    .         Reflect  +   (no helmet)
rElec    .         Harm     .   h - scarf {shadows}
rCorr    .         Rampage  .   q - +1 pair of gloves
Will     +....                  (no boots)
Stlth    +++.......             t - amulet of reflection
HPRegen  0.20/turn              j - ring of positive energy
MPRegen  0.20/turn              m - ring of magical power

@: no status effects
A: distributed training, fangs 1, strong nose
a: Renounce Religion, Draw Escape, Draw Destruction, Draw Summoning


You were on level 5 of the Dungeon.
You worshipped Nemelex Xobeh.
Nemelex Xobeh was noncommittal.
You visited 2 branches of the dungeon, and saw 7 of its levels.
You also visited: Ossuary.

You collected 253 gold pieces.

Inventory:

Hand Weapons
 a - a +3 falchion (weapon)
 k - a +0 vorpal hunting sling
Missiles
 e - 159 stones (quivered)
 i - 109 arrows
 l - 40 bolts
 n - 49 sling bullets
 u - 3 javelins
Armour
 b - a +0 kite shield
 h - a scarf of shadows (worn)
 q - a +1 pair of gloves (worn)
 x - a +0 leather armour
 z - a +0 ring mail
 A - a +0 robe of willpower (worn)
Magical Staves
 o - an uncursed staff of cold
Jewellery
 j - a ring of positive energy (left hand)
 m - a ring of magical power (right hand)
 t - an amulet of reflection (around neck)
Wands
 v - a wand of polymorph (12)
 y - a wand of acid (2)
Scrolls
 f - 3 scrolls of enchant armour
 g - 2 scrolls of remove curse
 s - 3 scrolls of enchant weapon
 D - a scroll of fog
 E - a scroll of magic mapping
Potions
 d - a potion of berserk rage
 p - 2 potions of brilliance
 r - 2 potions of flight
 w - 2 potions of haste
 C - 4 potions of curing
 F - a potion of mutation {unknown}
 G - 2 potions of lignification


   Skills:
 + Level 4.2 Fighting
 + Level 3.2 Short Blades
 + Level 4.2 Long Blades
 + Level 3.2 Axes
 + Level 3.2 Maces & Flails
 + Level 3.2 Polearms
 + Level 3.2 Staves
 + Level 3.2 Slings
 + Level 3.2 Bows
 + Level 3.2 Crossbows
 + Level 4.2 Throwing
 + Level 3.2 Armour
 + Level 4.2 Dodging
 + Level 4.0 Stealth
 + Level 3.2 Shields
 + Level 3.2 Unarmed Combat
 + Level 6.0 Spellcasting
 + Level 2.6 Conjurations
 + Level 2.6 Hexes
 + Level 2.6 Summonings
 + Level 2.6 Necromancy
 + Level 4.7 Translocations
 + Level 3.4 Transmutations
 + Level 2.6 Fire Magic
 + Level 2.6 Ice Magic
 + Level 2.6 Air Magic
 + Level 2.6 Earth Magic
 + Level 2.6 Poison Magic
 + Level 3.5 Invocations
 + Level 3.2 Evocations


You had 19 spell levels left.
You didn't know any spells.
Your spell library was empty.

Dungeon Overview and Level Annotations

Branches:
Dungeon (6/15)             Temple (1/1) D:5         Ossuary (visited)

Altars:
Ashenzari
Cheibriados
Dithmenos
Elyvilon
Fedhas
Gozag
Hepliaklqana
Kikubaaqudgha
Makhleb
Nemelex Xobeh
Qazlal
Ru
Trog
Uskayaw
Vehumet
Wu Jian
Xom
Yredelemnul
Zin
The Shining One


Innate Abilities, Weirdness & Mutations

Your experience applies equally to all skills.
You have very sharp teeth.
Your uncanny sense of smell can sniff out nearby items.


Message History

Press: ? - help, Q - select action, (/) - cycle Shift-Dir - straight line, f/p - orc warrior
Aim: an orc warrior, wielding a +1 halberd of protection and wearing a +0 plate armour (moderately wounded, 62% to hit)
You shoot a sling bullet.
The sling bullet hits the orc warrior but does no damage.
The orc warrior is moderately wounded.
Fire: 50 sling bullets
Press: ? - help, Q - select action, (/) - cycle Shift-Dir - straight line, f/p - orc warrior
Aim: an orc warrior, wielding a +1 halberd of protection and wearing a +0 plate armour (moderately wounded, 62% to hit)
You shoot a sling bullet.
The sling bullet barely misses the orc warrior.
Aiming: Corrosive Bolt
Press: ? - help, Shift-Dir - straight line, f/p - orc warrior
Aim: an orc warrior, wielding a +1 halberd of protection and wearing a +0 plate armour (moderately wounded, 26% to evade)
The bolt of acid hits the orc warrior but does no damage.
The orc warrior is moderately wounded.
a - a +3 falchion (weapon)
The orc warrior barely misses you.
The orc warrior hits you with a +1 halberd of protection!!
You die...
Your body disappears without a glow.

..#...#..#.....#......#
#..##.
.........#.....#.######
##..## ##########.....#.#
##... ###### #.......#(#
#### .....# #.......#(#
...#.###.........#
.....P##.........#
..##.###......#.o#########
.P#...#P......##@........#
....>.).......##>........#
.P#...#P....####.........#
.###.##.....# #.........#
............# #.........#
.##.........# ###########
.##.........#
.##.......[.#
.##.........#


You could see an orc warrior.

Vanquished Creatures
  Sigmund (D:3)
  An ice beast (D:5)
  A sky beast (D:5)
  A centaur (D:5)
  The ghost of pustota the Covered, an amateur GrFi (D:3)
  A scorpion (D:3)
  A wyvern skeleton (D:6)
  A bullfrog zombie (D:5)
  3 hounds (D:5)
  A bullfrog skeleton (D:6)
  2 orc wizards (D:6)
  2 worker ants (D:4)
  A big kobold zombie (Ossuary)
  A hound zombie (D:3)
  2 hound skeletons
  2 mummies (Ossuary)
  5 gnolls (D:6)
  3 adders
  A white imp (D:5)
  3 ufetubi
  2 adder skeletons
  5 adder zombies
  2 worms
  2 dart slugs
  A leopard gecko (D:3)
  7 orcs
  A ball python (D:1)
  7 giant cockroaches
  6 hobgoblins
  17 jackals
  10 kobolds
  7 bats
  9 frilled lizards
  4 gnoll zombies
  10 goblins
  6 hobgoblin zombies (Ossuary)
  A jackal skeleton (D:5)
  A jackal zombie (D:6)
  6 kobold zombies (Ossuary)
  A leopard gecko zombie (D:5)
  3 orc zombies (Ossuary)
  A quokka skeleton (D:5)
  6 rats
  A spectral orc (D:2)
150 creatures vanquished.

Vanquished Creatures (others)
  3 plants (D:5)
3 creatures vanquished.

Grand Total: 153 creatures vanquished

Notes
Turn   | Place    | Note
-------+----------+-------------------------------------------
     0 | D:1      | Almogavar the Gnoll Wanderer began the quest for the Orb.
     0 | D:1      | Almogavar set off with the following items: a +2 falchion,
                  | a +0 short sword, a potion of lignification, a +0 robe
     0 | D:1      | Reached XP level 1. HP: 17/17 MP: 6/6
   489 | D:1      | Reached XP level 2. HP: 19/23 MP: 7/7
  1275 | D:2      | Reached XP level 3. HP: 22/28 MP: 9/9
  1364 | D:2      | Reached skill level 5 in Spellcasting
  1437 | D:2      | Reached skill level 1 in Invocations
  1874 | D:2      | Reached skill level 1 in Short Blades
  1874 | D:2      | Reached skill level 1 in Axes
  1874 | D:2      | Reached skill level 1 in Maces & Flails
  1874 | D:2      | Reached skill level 1 in Polearms
  1874 | D:2      | Reached skill level 1 in Staves
  1874 | D:2      | Reached skill level 1 in Slings
  1874 | D:2      | Reached skill level 1 in Bows
  1874 | D:2      | Reached skill level 1 in Crossbows
  1874 | D:2      | Reached skill level 1 in Armour
  1874 | D:2      | Reached skill level 1 in Shields
  1874 | D:2      | Reached skill level 1 in Unarmed Combat
  1874 | D:2      | Reached skill level 1 in Evocations
  2327 | D:2      | Found a basalt altar of Yredelemnul.
  2329 | D:2      | Reached XP level 4. HP: 34/34 MP: 11/11
  2507 | D:3      | Noticed Sigmund
  2526 | D:3      | Killed Sigmund
  2527 | D:3      | Reached skill level 1 in Conjurations
  2527 | D:3      | Reached skill level 1 in Hexes
  2527 | D:3      | Reached skill level 1 in Summonings
  2527 | D:3      | Reached skill level 1 in Necromancy
  2527 | D:3      | Reached skill level 1 in Fire Magic
  2527 | D:3      | Reached skill level 1 in Ice Magic
  2527 | D:3      | Reached skill level 1 in Air Magic
  2527 | D:3      | Reached skill level 1 in Earth Magic
  2527 | D:3      | Reached skill level 1 in Poison Magic
  2527 | D:3      | Reached XP level 5. HP: 34/41 MP: 12/12
  2713 | D:3      | Reached XP level 6. HP: 47/47 MP: 13/13
  3343 | D:3      | Found a runed translucent gate.
  3343 | D:3      | Found a runed translucent gate.
  3347 | D:3      | Found a runed translucent gate.
  3349 | D:3      | Noticed pustota's ghost (amateur GrFi)
  3501 | D:3      | Found a hazy altar of Hepliaklqana.
  3751 | D:3      | Killed pustota's ghost
  4285 | D:4      | Reached XP level 7. HP: 45/52 MP: 15/15
  5232 | D:5      | Entered Level 5 of the Dungeon
  5386 | D:5      | Found a shimmering altar of Xom.
  5437 | D:5      | HP: 1/52 [something (5)]
  5982 | D:5      | Found a staircase to the Ecumenical Temple.
  5990 | Temple   | Entered the Ecumenical Temple
  6274 | Temple   | Became a worshipper of Nemelex Xobeh the Trickster
  6637 | D:5      | Reached XP level 8. HP: 46/60 MP: 16/16
  6874 | D:5      | Found a sacrificial altar of Ru.
  7311 | D:6      | Found a sand-covered staircase.
  7319 | Ossuary  | Entered an ossuary
  8045 | D:6      | Reached skill level 6 in Spellcasting
  8346 | D:5      | Mangled by an orc warrior

Illustrated notes

Levels and vault maps discovered:
D:1:      dpeg_arrival_castle, layout_loops_ring, corner_web_ring, hex_medium,
          minmay_misc_feat_square, hex_large
D:2:      wander_river, layout_loops_ring, yredelemnul_forgotten_temple_becter,
          minmay_misc_feat_roman
D:3:      layout_basic, nicolae_overflow_crystal_walls,
          gammafunk_ghost_necromancy, uniq_sigmund
D:4:      layout_loops_cross
D:5:      layout_basic, lemuel_coloured_pillars_altar,
          minmay_temple_entry_gardened_gates, basic_altar,
          amcnicky_mini_pool_medium
D:6:      layout_basic, nicolae_overflow_hidden_temple, enter_ossuary_3
Temple:   eino_temple_scatter_basement

Skill      XL: |  1  2  3  4  5  6  7  8 |
---------------+-------------------------+-----
Transmutations | 2 3 |  3.4
Spellcasting   | 5 6 |  6.0
Invocations    | 1 2 3 |  3.5
Short Blades   | 1 2 3 |  3.2
Axes           | 1 2 3 |  3.2
Maces & Flails | 1 2 3 |  3.2
Polearms       | 1 2 3 |  3.2
Staves         | 1 2 3 |  3.2
Slings         | 1 2 3 |  3.2
Bows           | 1 2 3 |  3.2
Crossbows      | 1 2 3 |  3.2
Armour         | 1 2 3 |  3.2
Shields        | 1 2 3 |  3.2
Unarmed Combat | 1 2 3 |  3.2
Evocations     | 1 2 3 |  3.2
Fighting       | 3 4 |  4.2
Long Blades    | 3 4 |  4.2
Throwing       | 3 4 |  4.2
Dodging        | 3 4 |  4.2
Conjurations   | 1 2 |  2.6
Hexes          | 1 2 |  2.6
Summonings     | 1 2 |  2.6
Necromancy     | 1 2 |  2.6
Translocations | 4 |  4.7
Fire Magic     | 1 2 |  2.6
Ice Magic      | 1 2 |  2.6
Air Magic      | 1 2 |  2.6
Earth Magic    | 1 2 |  2.6
Poison Magic   | 1 2 |  2.6
Stealth        | 3 4 |  4.0

Action                   |  1- 3 |  4- 6 |  7- 9 || total
-------------------------+-------+-------+-------++-------
Melee: Falchion          |    56 |    41 |   195 ||   292
       Bite              |     2 |     5 |    28 ||    35
       Punch             |       |       |     4 ||     4
       Hunting sling     |       |       |     1 ||     1
 Fire: Hunting sling     |    54 |    84 |   118 ||   256
Evoke: Wand              |       |       |     2 ||     2
  Use: Scroll            |       |     6 |    13 ||    19
       Potion            |       |     1 |     3 ||     4
 Stab: Sleeping          |     1 |       |     9 ||    10
Armor: Robe              |    12 |     7 |    46 ||    65
       Skin              |       |     4 |       ||     4
Dodge: Dodged            |    60 |    36 |   166 ||   262
Block: Other             |       |    15 |    57 ||    72
       Reflection        |       |       |     1 ||     1
       Rpst.: Falchion   |    14 |     4 |    43 ||    61
